Map: Lightshade LE

Players

llIllIllIllI

  • Race: Protoss Protoss
  • League: Master
  • Spawn Location: 5:00

oliM - Winner!

  • Race: Protoss Protoss
  • League: Master
  • Spawn Location: 11:00

VOD

Have the link to the VOD?

Description

Time

  • Played on: Oct. 25, 2020, 9:36 a.m.
  • Length: 30:27
Show
View Real Time Build Order
Export as new Build Order

llIllIllIllI Protoss 

Build Orders: Oracle Opening 

Get SALT Encoding   

  12  0:00  Probe  
  13  0:12  Probe  
  14  0:16  Pylon  
  14  0:24  Probe (Chrono Boost)  
  15  0:36  Gateway, Probe (Chrono Boost)  
  16  0:44  Probe (Chrono Boost)  
  16  0:46  Assimilator  
  17  0:50  Probe  
  17  0:55  Assimilator  
  18  1:03  Probe (Chrono Boost)  
  19  1:07  Gateway  
  19  1:15  Probe (Chrono Boost)  
  20  1:20  Probe (Chrono Boost)  
  20  1:23  Cybernetics Core  
  21  1:29  Probe  
  22  1:33  Pylon  
  22  1:41  Probe  
  23  1:53  Probe  
  24  1:59  Adept x2  
  24  2:00  Warp Gate  
  28  2:03  Pylon  
  28  2:05  Probe  
  29  2:24  Shield Battery  
  29  2:27  Stargate  
  29  2:32  Adept x2  
  32  2:54  Nexus  
  32  3:01  Probe  
  33  3:07  Oracle (Chrono Boost)  
  36  3:13  Probe  
  37  3:25  Probe  
  37  3:26  Pylon  
  38  3:33  Shield Battery  
  38  3:37  Probe  
  39  3:48  Sentry  
  39  3:49  Twilight Council, Probe  
  39  3:51  Stalker  
  44  4:02  Probe  
  45  4:07  Phoenix (Chrono Boost)  
  47  4:12  Stalker  
  47  4:14  Probe x2  
  47  4:20  Stalker  
  49  4:26  Probe  
  49  4:27  Probe  
  50  4:38  Probe (Chrono Boost)  
  50  4:39  Probe (Chrono Boost)  
  50  4:42  Stalker  
  53  4:50  Probe (Chrono Boost)  
  53  4:52  Probe (Chrono Boost)  
  55  4:57  Probe (Chrono Boost)  
  56  5:00  Blink (Chrono Boost)  
  56  5:06  Probe  
  55  5:11  Probe  
  56  5:16  Stalker x2  
  56  5:20  Assimilator  
  58  5:23  Probe  
  58  5:25  Pylon  
  58  5:26  Gateway  
  58  5:27  Gateway  
  58  5:33  Forge  
  58  5:34  Probe  
  59  5:49  Probe  
  60  5:50  Nexus  
  60  5:53  Stalker  
  62  6:00  Robotics Facility  
  62  6:02  Stalker  
  64  6:04  Probe  
  64  6:08  Probe (Chrono Boost)  
  66  6:12  Protoss Ground Weapons Level 1 (Chrono Boost)  
  65  6:18  Stalker  
  65  6:20  Probe (Chrono Boost)  
  65  6:21  Probe (Chrono Boost)  
  65  6:23  Pylon  
  68  6:26  Stalker  
  70  6:38  Pylon  
  70  6:41  Probe x2  
  70  6:43  Gateway, Charge (Chrono Boost)  
  72  6:50  Zealot x2  
  72  6:51  Observer  
  72  6:53  Probe  
  78  6:56  Probe  
  78  6:58  Zealot x2  
  83  7:05  Gateway  
  83  7:06  Probe  
  85  7:12  Zealot x2  
  85  7:14  Warp Prism (Chrono Boost)  
  88  7:23  Zealot x2  
  88  7:29  Templar Archives  
  92  7:33  Zealot x2  
  92  7:36  Pylon  
  96  7:44  Zealot x2  
  96  7:47  Pylon  
  100  7:58  Probe x2  
  102  7:59  Gateway  
  102  8:00  Observer  
  102  8:01  Gateway  
  102  8:07  Pylon  
  102  8:08  High Templar  
  102  8:09  High Templar  
  106  8:12  High Templar  
  106  8:14  High Templar  
  106  8:15  Zealot x2  
  106  8:19  Archon x2, Pylon  
  114  8:20  Pylon  
  114  8:21  Probe, Assimilator  
  114  8:22  Assimilator  
  114  8:23  Probe  
  116  8:28  Protoss Ground Weapons Level 2 (Chrono Boost)  
  116  8:38  Pylon  
  115  8:42  Zealot x4  
  115  8:45  Zealot  
  115  8:48  Zealot  
  125  8:57  Probe  
  114  9:04  Probe  
  114  9:06  Stalker x4  
  114  9:07  Stalker x3  
  114  9:08  Probe  
  118  9:14  Probe  
  110  9:19  Warp Prism (Chrono Boost)  
  105  9:29  Zealot x3  
  105  9:31  Stalker x2  
  105  9:56  Nexus  
  105  10:06  Zealot x8  
  100  10:14  Probe  
  100  10:16  Probe  
  101  10:22  Probe  
  102  10:28  Stalker x4  
  102  10:29  Stalker x3  
  102  10:31  Stalker  
  102  10:34  Probe  
  119  10:38  Probe  
  119  10:41  Probe  
  121  10:46  Probe  
  112  10:50  Probe  
  112  10:53  Probe  
  112  10:57  Zealot x8  
  110  10:59  Probe  
  119  11:09  Probe  
  108  11:13  Probe  
  108  11:14  Protoss Ground Weapons Level 3 (Chrono Boost)  
  105  11:19  Probe  
  105  11:22  High Templar x4  
  105  11:23  High Templar x4  
  116  11:26  Probe x2  
  116  11:27  Pylon  
  116  11:28  Archon x3  
  116  11:29  Archon  
  116  11:30  Observer (Chrono Boost)  
  119  11:39  Gateway  
  119  11:40  Gateway, Photon Cannon  
  119  11:53  Gateway  
  119  11:56  Zealot x8  
  119  11:57  Pylon  
  135  12:04  Probe  
  135  12:05  Psionic Storm  
  135  12:06  Assimilator  
  135  12:07  Assimilator  
  136  12:09  Probe  
  136  12:14  Probe  
  136  12:15  Probe  
  139  12:16  Nexus  
  139  12:19  High Templar x3, Zealot  
  139  12:20  Zealot x2  
  151  12:24  Probe  
  151  12:27  Zealot x2  
  151  12:28  Probe  
  157  12:30  Probe  
  157  12:36  High Templar  
  160  12:38  Probe  
  160  12:41  Stalker x2  
  160  12:42  Stalker  
  163  12:52  Stalker x3  
  163  12:54  Probe x2  
  169  12:58  Zealot x3  
  169  12:59  Zealot  
  177  13:09  Stalker  
  177  13:11  Pylon  
  179  13:13  Pylon  
  179  13:16  Assimilator  
  179  13:18  Observer  
  180  13:20  Assimilator  
  180  13:25  Pylon  
  180  13:26  Pylon  
  180  13:27  Probe  
  180  13:32  Stalker x9  
  199  13:37  Dark Shrine  
  199  13:40  Pylon  
  199  13:43  Pylon  
  199  13:45  Observer  
  186  13:52  High Templar  
  186  13:53  Stalker  
  186  13:55  Probe  
  183  14:05  Probe  
  183  14:06  Observer  
  183  14:08  Stalker x8  
  183  14:09  Stalker  
  193  14:11  Probe  
  193  14:12  Probe  
  187  14:17  Stalker  
  159  14:27  Zealot  
  157  14:32  Zealot x5  
  157  14:33  Zealot x4  
  157  14:35  Protoss Shields Level 1  
  175  14:38  Gateway  
  175  14:39  Gateway  
  174  14:46  Zealot  
  174  14:47  Zealot  
  178  14:56  Zealot x5  
  178  14:57  Zealot x4  
  196  15:01  Stargate  
  196  15:11  Fleet Beacon  
  188  15:28  Zealot x9  
  182  15:29  Zealot  
  194  15:39  Stargate  
  194  15:40  Stargate  
  182  15:46  Protoss Air Weapons Level 1 (Chrono Boost)  
  172  15:51  Stargate  
  172  15:54  Tempest (Chrono Boost)  
  172  15:56  High Templar x3  
  168  15:57  High Templar  
  172  16:05  Zealot  
  172  16:06  Nexus, Pylon  
  172  16:13  Tempest (Chrono Boost)  
  172  16:16  Shadow Stride (Chrono Boost)  
  172  16:17  Dark Templar x3  
  178  16:26  Tempest (Chrono Boost)  
  178  16:28  Assimilator  
  178  16:29  Assimilator  
  183  16:38  Tempest (Chrono Boost)  
  183  16:39  Nexus  
  193  16:50  Observer (Chrono Boost)  
  193  16:52  Tempest (Chrono Boost)  
  192  16:54  Tempest (Chrono Boost)  
  192  16:55  Archon  
  192  16:56  Archon  
  187  17:05  Photon Cannon  
  187  17:06  Tempest (Chrono Boost)  
  187  17:09  Shield Battery  
  187  17:10  Zealot, Tempest (Chrono Boost), Photon Cannon  
  187  17:11  Zealot x2  
  194  17:25  Oracle (Chrono Boost)  
  194  17:29  Stalker  
  199  17:40  Pylon  
  180  17:53  Tempest  
  174  18:00  Zealot x10  
  173  18:11  Tempest x2  
  176  18:17  Tempest  
  159  18:22  Tempest  
  159  18:25  Probe  
  163  18:36  Stalker x5  
  163  18:37  Stalker x2  
  177  18:41  Protoss Air Weapons Level 2 (Chrono Boost)  
  177  18:48  Assimilator  
  177  18:49  Pylon  
  177  18:50  Stalker  
  177  18:51  Stalker x4, Assimilator  
  177  18:52  Probe  
  177  18:53  Probe  
  185  18:56  Probe x4  
  189  19:05  Probe x2  
  189  19:07  Zealot x2  
  189  19:09  Tempest  
  184  19:11  High Templar x2  
  184  19:15  Archon  
  188  19:19  Zealot x3  
  194  19:27  Void Ray (Chrono Boost)  
  182  19:40  Void Ray (Chrono Boost)  
  182  19:43  Flux Vanes  
  182  19:44  Mothership (Chrono Boost)  
  186  19:48  Zealot x3  
  196  19:58  Dark Templar x2  
  200  20:01  Oracle (Chrono Boost)  
  199  20:14  Nexus  
  199  20:16  Observer  
  199  20:18  Photon Cannon  
  199  20:20  Pylon  
  200  20:22  Nexus  
  196  20:37  Pylon  
  196  20:40  Shield Battery  
  196  20:41  Probe x2 (Chrono Boost), Pylon  
  185  20:58  Zealot x2  
  185  20:59  Stalker x7  
  175  21:08  Stalker x3  
  152  21:17  Tempest (Chrono Boost)  
  152  21:18  Tempest (Chrono Boost)  
  140  21:20  Tempest (Chrono Boost)  
  140  21:22  Zealot x3  
  142  21:25  Stalker x4  
  142  21:27  Probe  
  142  21:28  Probe  
  142  21:32  Stalker  
  148  21:38  Probe  
  141  21:41  Probe x2  
  141  21:43  High Templar x4  
  141  21:44  Probe x2  
  141  21:45  Probe  
  154  21:51  Tempest (Chrono Boost)  
  154  22:00  Stalker x2  
  163  22:02  Stalker  
  163  22:03  Probe  
  163  22:04  Probe  
  167  22:14  Stalker  
  167  22:15  Stalker x2  
  168  22:29  Tempest  
  166  22:30  Stalker x3  
  166  22:32  Dark Templar  
  166  22:35  Zealot  
  171  22:37  Pylon  
  169  22:44  Probe  
  169  22:47  Assimilator x2  
  170  22:51  Protoss Air Weapons Level 3 (Chrono Boost)  
  170  22:54  Assimilator  
  170  22:57  Stalker x3  
  170  22:58  Stalker  
  165  23:02  Observer (Chrono Boost)  
  158  23:09  Zealot x4  
  156  23:14  Oracle  
  156  23:16  Stalker x2  
  156  23:17  Stalker x2  
  156  23:19  Probe  
  161  23:21  Probe x2  
  161  23:22  Observer (Chrono Boost), Probe x3  
  167  23:28  Tempest  
  172  23:35  Observer (Chrono Boost), Pylon  
  172  23:41  Zealot x5  
  170  23:53  Dark Templar x2  
  170  23:55  High Templar x2  
  170  23:56  Zealot x4  
  182  24:02  Archon  
  182  24:11  Tempest  
  182  24:13  Nexus  
  182  24:15  Tempest  
  180  24:23  Tempest  
  185  24:29  Protoss Shields Level 2  
  185  24:33  Stalker x4  
  185  24:36  Observer  
  184  24:47  Oracle  
  184  24:49  Tempest  
  170  24:52  Stalker x2  
  170  24:53  Stalker x2  
  164  25:10  Stalker x7  
  164  25:11  Stalker  
  164  25:13  Stalker  
  180  25:17  Observer (Chrono Boost)  
  159  25:29  Stalker x3  
  152  25:39  Stalker x5  
  155  25:48  Stalker x4  
  155  25:49  Stalker  
  162  25:51  Probe x3  
  162  25:52  Archon  
  157  26:09  Stalker x3  
  157  26:10  Stalker x3  
  162  26:13  High Templar x2  
  158  26:26  Dark Templar  
  151  26:49  Zealot x7  
  154  27:03  Stalker  
  154  27:04  Stalker x3  
  155  27:13  Dark Templar x5  
  155  27:14  Zealot x2  
  153  27:19  Pylon  
  153  27:21  Probe x2, Assimilator  
  156  27:22  Probe  
  156  27:23  Assimilator  
  156  27:30  Zealot  
  156  27:31  Zealot x3  
  156  27:34  Observer  
  157  27:43  Stalker x2  
  143  27:48  Stalker x2  
  143  27:49  Stalker  
  137  27:55  Stalker x5  
  97  28:14  Stalker  
  97  28:15  Stalker x5  
  88  28:25  Zealot  
  88  28:26  Zealot x4  
  89  28:40  Stalker x2  
  89  28:41  Stalker x2  
  68  29:25  Dark Templar  
  68  29:26  Dark Templar  
  68  29:30  Nexus  
  70  29:41  Observer  
  64  30:11  Stalker  
Show
View Real Time Build Order
Export as new Build Order

oliM Protoss - Winner!

Build Orders: Carriers 

Get SALT Encoding   

  12  0:00  Probe  
  13  0:12  Probe  
  14  0:18  Pylon  
  14  0:24  Probe  
  15  0:37  Probe (Chrono Boost)  
  15  0:38  Gateway  
  16  0:47  Probe (Chrono Boost), Assimilator  
  17  0:52  Probe (Chrono Boost)  
  17  0:55  Assimilator  
  18  1:03  Probe (Chrono Boost)  
  19  1:12  Gateway  
  19  1:13  Probe (Chrono Boost)  
  19  1:18  Probe (Chrono Boost)  
  21  1:26  Cybernetics Core  
  21  1:30  Probe  
  22  1:37  Pylon  
  22  1:42  Probe  
  23  1:47  Unknown x2  
  23  1:48  Unknown  
  23  1:55  Probe  
  23  2:00  Warp Gate (Chrono Boost)  
  24  2:02  Stalker  
  24  2:03  Sentry  
  28  2:14  Pylon  
  28  2:26  Probe  
  29  2:31  Stalker  
  29  2:32  Stalker  
  32  2:50  Nexus  
  32  2:58  Shield Battery  
  32  2:59  Probe  
  33  3:11  Probe  
  34  3:14  Stargate  
  34  3:24  Probe  
  34  3:25  Shield Battery  
  35  3:36  Pylon  
  36  3:41  Stalker  
  36  3:48  Stalker  
  39  3:50  Shield Battery  
  39  4:01  Probe  
  39  4:02  Oracle (Chrono Boost)  
  40  4:03  Probe  
  40  4:04  Shield Battery  
  44  4:14  Probe  
  44  4:15  Probe  
  46  4:26  Probe (Chrono Boost)  
  46  4:28  Probe (Chrono Boost)  
  46  4:29  Phoenix (Chrono Boost)  
  50  4:32  Pylon  
  51  4:40  Probe (Chrono Boost)  
  51  4:44  Probe (Chrono Boost)  
  52  4:47  Probe (Chrono Boost)  
  52  4:48  Stargate  
  52  4:50  Probe (Chrono Boost)  
  54  4:54  Probe  
  54  4:55  Void Ray  
  55  5:02  Probe  
  55  5:06  Probe  
  58  5:10  Assimilator  
  58  5:12  Assimilator  
  58  5:14  Probe  
  58  5:18  Probe  
  60  5:23  Robotics Facility  
  60  5:24  Pylon  
  60  5:26  Probe  
  61  5:30  Probe  
  61  5:32  Shield Battery  
  62  5:36  Void Ray  
  68  5:42  Probe x2  
  68  5:49  Pylon  
  68  5:53  Pylon  
  68  5:54  Probe  
  68  5:55  Probe  
  70  5:57  Pylon  
  70  6:01  Forge, Void Ray (Chrono Boost)  
  70  6:07  Probe  
  75  6:16  Nexus  
  75  6:24  Immortal (Chrono Boost)  
  75  6:26  Void Ray (Chrono Boost), Pylon  
  79  6:37  Probe x2  
  85  6:41  Void Ray (Chrono Boost)  
  89  6:52  Shield Battery, Probe  
  90  6:56  Protoss Air Weapons Level 1  
  90  6:57  Stalker  
  90  6:59  Sentry  
  90  7:00  Void Ray (Chrono Boost)  
  90  7:04  Shield Battery  
  94  7:11  Immortal (Chrono Boost)  
  94  7:17  Probe x2  
  94  7:18  Void Ray (Chrono Boost)  
  96  7:25  Photon Cannon  
  100  7:33  Probe  
  101  7:37  Photon Cannon  
  101  7:43  Probe  
  102  7:48  Photon Cannon  
  102  7:49  Void Ray (Chrono Boost)  
  106  7:53  Probe  
  106  7:54  Probe  
  108  8:02  Robotics Bay  
  108  8:03  Observer (Chrono Boost), Phoenix (Chrono Boost)  
  108  8:05  Probe, Assimilator  
  110  8:10  Assimilator  
  110  8:12  Photon Cannon  
  110  8:16  Photon Cannon, Probe x2  
  110  8:17  Pylon  
  112  8:23  Observer (Chrono Boost), Probe, Pylon  
  114  8:28  Probe  
  114  8:29  Void Ray  
  115  8:36  Probe  
  115  8:37  Pylon  
  120  8:47  Zealot x2  
  124  8:49  Disruptor  
  124  8:50  Void Ray  
  127  8:56  Probe  
  130  9:06  Probe x2  
  130  9:09  Zealot x2  
  124  9:11  Void Ray  
  112  9:22  Disruptor (Chrono Boost)  
  116  9:26  Photon Cannon  
  116  9:29  Photon Cannon  
  116  9:31  Photon Cannon  
  119  9:32  Photon Cannon  
  119  9:34  Shield Battery, Pylon  
  119  9:35  Fleet Beacon  
  119  9:41  Shield Battery  
  119  9:42  Zealot x2, Photon Cannon  
  123  9:50  Disruptor (Chrono Boost), Void Ray (Chrono Boost)  
  123  9:51  Void Ray (Chrono Boost), Probe  
  116  9:54  Probe  
  116  9:55  Probe  
  115  10:14  Photon Cannon  
  115  10:17  Photon Cannon  
  115  10:25  Flux Vanes, Void Ray (Chrono Boost)  
  115  10:30  Pylon  
  115  10:34  Disruptor (Chrono Boost), Photon Cannon  
  115  10:35  Shield Battery, Void Ray (Chrono Boost)  
  118  10:54  Photon Cannon  
  118  10:55  Void Ray (Chrono Boost)  
  118  10:56  Photon Cannon  
  122  11:05  Void Ray (Chrono Boost)  
  122  11:07  Disruptor (Chrono Boost)  
  113  11:18  Probe  
  111  11:21  Photon Cannon  
  111  11:22  Photon Cannon  
  111  11:24  Cybernetics Core, Photon Cannon  
  111  11:29  Void Ray (Chrono Boost), Mothership (Chrono Boost)  
  119  11:37  Void Ray (Chrono Boost), Photon Cannon  
  123  11:40  Pylon  
  127  11:50  Nexus  
  127  11:52  Pylon  
  127  11:54  Disruptor  
  123  11:56  Void Ray (Chrono Boost)  
  130  12:03  Protoss Shields Level 1  
  129  12:15  Probe  
  129  12:22  Photon Cannon  
  130  12:24  Photon Cannon  
  130  12:26  Shield Battery  
  130  12:27  Shield Battery, Pylon  
  130  12:28  Pylon  
  130  12:29  Disruptor  
  129  12:30  Void Ray  
  129  12:34  Protoss Air Weapons Level 2  
  136  12:51  Zealot x2  
  139  13:04  Pylon  
  145  13:07  Carrier x2 (Chrono Boost)  
  145  13:08  Nexus  
  145  13:10  Pylon  
  151  13:33  Photon Cannon  
  151  13:34  Photon Cannon  
  147  13:35  Photon Cannon  
  147  13:36  Photon Cannon  
  147  13:38  Shield Battery  
  147  13:39  Shield Battery  
  147  13:41  Shield Battery  
  147  13:46  Pylon  
  147  13:48  Disruptor (Chrono Boost)  
  135  13:59  Carrier (Chrono Boost)  
  135  14:00  Carrier (Chrono Boost)  
  142  14:17  Disruptor  
  145  14:27  Photon Cannon  
  145  14:31  Photon Cannon  
  145  14:33  Photon Cannon  
  145  14:37  Photon Cannon x2  
  145  14:39  Protoss Ground Weapons Level 1  
  137  14:46  Nexus  
  137  14:55  Pylon  
  137  14:57  Disruptor  
  140  15:04  Void Ray (Chrono Boost)  
  150  15:19  Shield Battery  
  150  15:20  Sentry x2, Shield Battery  
  154  15:29  Nexus  
  154  15:38  Disruptor (Chrono Boost)  
  151  15:59  Carrier (Chrono Boost)  
  157  16:06  Cybernetics Core  
  157  16:07  Observer (Chrono Boost), Cybernetics Core  
  158  16:27  Photon Cannon x2  
  158  16:51  Carrier (Chrono Boost)  
  158  16:54  Protoss Air Armor Level 1  
  164  16:55  Protoss Air Weapons Level 3  
  164  17:06  Pylon  
  164  17:09  Assimilator  
  164  17:13  Assimilator  
  164  17:15  Disruptor  
  164  17:19  Nexus  
  167  17:29  Stargate x2  
  172  17:57  Carrier (Chrono Boost)  
  157  18:11  Mothership (Chrono Boost)  
  140  18:22  Observer (Chrono Boost)  
  140  18:23  Carrier (Chrono Boost)  
  140  18:25  Tempest (Chrono Boost)  
  160  18:31  Photon Cannon  
  160  18:32  Photon Cannon  
  160  18:34  Zealot x2  
  160  18:35  Observer (Chrono Boost), Photon Cannon  
  160  18:36  Photon Cannon  
  160  18:39  Shield Battery  
  160  18:40  Pylon  
  165  18:52  Nexus  
  165  18:54  Pylon  
  170  18:56  Tempest (Chrono Boost)  
  170  18:58  Tempest (Chrono Boost)  
  175  19:11  Tempest  
  175  19:12  Protoss Air Armor Level 2 (Chrono Boost)  
  175  19:15  Photon Cannon  
  175  19:16  Photon Cannon  
  180  19:18  Zealot x2  
  172  19:43  Tempest (Chrono Boost)  
  167  19:55  Stalker x2  
  167  19:56  Tempest (Chrono Boost)  
  176  20:05  Tempest (Chrono Boost)  
  180  20:17  Tempest (Chrono Boost)  
  180  20:18  Observer (Chrono Boost)  
  180  20:20  Assimilator  
  174  20:33  Photon Cannon  
  174  20:35  Photon Cannon  
  169  20:36  Zealot x2, Photon Cannon  
  173  20:44  Probe  
  173  20:46  Probe  
  130  21:16  Tempest (Chrono Boost)  
  126  21:19  Carrier (Chrono Boost)  
  126  21:25  Tempest (Chrono Boost)  
  129  21:31  Zealot x2  
  129  21:38  Observer (Chrono Boost)  
  130  21:46  Assimilator  
  130  21:52  Tempest (Chrono Boost)  
  130  21:53  Probe  
  131  21:56  Observer  
  137  22:02  Zealot x2  
  137  22:05  Pylon  
  137  22:06  Probe x2  
  143  22:08  Shield Battery  
  143  22:09  Shield Battery, Carrier  
  146  22:17  Disruptor  
  142  22:32  Zealot x2  
  142  22:43  Carrier (Chrono Boost)  
  144  22:53  Disruptor, Zealot x2  
  135  23:19  Disruptor  
  131  23:21  Zealot x2  
  144  23:35  Carrier (Chrono Boost)  
  143  23:52  Zealot  
  143  23:53  Zealot  
  145  23:59  Disruptor (Chrono Boost)  
  150  24:20  Carrier (Chrono Boost)  
  149  24:31  Shield Battery  
  149  24:32  Shield Battery  
  149  24:33  Observer (Chrono Boost), Shield Battery  
  149  24:36  Zealot x2  
  149  24:37  Pylon  
  151  24:45  Observer (Chrono Boost)  
  152  24:54  Carrier (Chrono Boost)  
  151  25:12  Stalker x2  
  155  25:19  Disruptor  
  164  25:53  Observer  
  164  26:01  Nexus  
  170  26:17  Disruptor  
  173  26:18  Pylon  
  166  26:40  Photon Cannon  
  166  26:43  Photon Cannon  
  166  26:45  Photon Cannon  
  166  26:46  Carrier (Chrono Boost)  
  172  26:47  Photon Cannon  
  172  26:48  Photon Cannon  
  172  26:50  Photon Cannon x2  
  172  26:53  Photon Cannon, Pylon  
  172  26:57  Assimilator  
  172  26:58  Assimilator  
  172  27:00  Shield Battery  
  161  27:01  Shield Battery  
  158  27:18  Photon Cannon  
  158  27:20  Photon Cannon  
  158  27:21  Photon Cannon  
  158  27:24  Photon Cannon  
  158  27:25  Shield Battery, Pylon  
  158  27:28  Shield Battery  
  158  27:30  Pylon  
  158  27:31  Robotics Facility  
  158  27:41  Carrier  
  158  27:42  Stargate  
  162  27:51  Mothership (Chrono Boost)  
  155  28:28  Carrier  
  161  28:44  Nexus  
  161  28:46  Carrier  
  167  28:59  Pylon  
  167  29:07  Nexus  
  164  29:10  Pylon  
  164  29:14  Disruptor  
  157  29:22  Photon Cannon  
  157  29:25  Photon Cannon  
  157  29:27  Photon Cannon  
  157  29:28  Photon Cannon  
  157  29:31  Photon Cannon  
  157  29:33  Shield Battery  
  157  29:35  Shield Battery  
  157  29:36  Pylon  
  162  29:51  Photon Cannon  
Tags
 
Composition
Carriers
Matchup
PvP
Spawn Locations
Cross Positions
Add a new tag
Caveats
  • Supply blocks, unpowered buildings, or Contaminate may cause inaccurate times.
  • Supply counts are checked every 10 seconds.